 Dungeon Sprint DCSS version 0.16-a0-1243-g6e0463c (webtiles) character file.

9828 Ololoev the Bewitcher (level 11, -31/94 HPs)
             Began as a Spriggan Enchanter on Oct 13, 2014.
             Was a High Priest of Okawaru.
             Annihilated by a golden dragon (32 damage)
             ... in the Dungeon (Sprint I: "Red Sonja").
             The game lasted 00:27:19 (3487 turns).

Ololoev the Bewitcher (Spriggan Enchanter)          Turns: 3487, Time: 00:27:20

Health: -31/94     AC:  5    Str: 10    XL:     11   Next: 28%
Magic:  31/32      EV: 33    Int: 20    God:    Okawaru [*****.]
Gold:   7          SH:  0    Dex: 16    Spells: 4 memorised, 21 levels left

rFire  . . .     SeeInvis +     a - +1 dagger
rCold  . . .     Clarity  .     b - +1 robe
rNeg   . . .     SustAb   .     (shield restricted)
rPois  +         Gourm    .     (helmet restricted)
rElec  .         Spirit   .     t - +1 cloak {rPois}
rCorr  .         Warding  .     (gloves unavailable)
rMut   .         NoTele   +     (boots unavailable)
MR     +....                    (no amulet)
Stlth  ..........               (no ring)
                                x - +3 ring of evasion

@: berserking, heroism, very quick, somewhat resistant to hostile enchantments,
extremely unstealthy
A: unfitting armour, see invisible, herbivore 3, speed 3, slow metabolism 2
a: Heroism, Finesse, Renounce Religion


You were in the Dungeon.
You worshipped Okawaru.
Okawaru was extremely pleased with you.
You were not hungry.

You visited 1 branch You collected 2327 gold pieces.
You spent 2320 gold pieces at shops.

Inventory:

Hand weapons
 a - a +1 dagger (weapon)
Armour
 b - a +1 robe (worn)
 t - a +1 cloak of poison resistance (worn)
Jewellery
 x - a +3 ring of evasion (left hand)
Magical devices
 k - a wand of fire (1)
 l - a wand of fireball (5)
 p - a wand of paralysis (14)
 q - a wand of confusion (36)
Scrolls
 g - a scroll of immolation {unknown}
 j - a scroll of blinking
 n - a scroll of summoning {unknown}
 o - a scroll of fear {unknown}
 r - a scroll of recharging {unknown}
 s - 2 scrolls of remove curse
Potions
 d - a potion of porridge
 e - 4 potions of curing
 f - a potion of heal wounds
 h - a potion of magic
 v - a potion of invisibility
 w - a potion of restore abilities
 B - 2 potions of resistance
 C - a potion of cancellation
Books
 c - a book of Maledictions

   Spells                             Type                      Level
   *Corona                            Hexes                        1
   Sure Blade                         Hexes/Charms                 2
   *Ensorcelled Hibernation           Hexes/Ice                    2
   *Confuse                           Hexes                        3
   *Dazzling Spray                    Conjuration/Hexes            3
   Enslavement                        Hexes                        4
 u - a book of Annihilations This book is beyond your current level of understanding.

   Spells                             Type                      Level
   Poison Arrow                       Conjuration/Poison           6
   Chain Lightning                    Conjuration/Air              8
   Lehudib's Crystal Spear            Conjuration/Earth            8
   Glaciate                           Conjuration/Ice              9
   Fire Storm                         Conjuration/Fire             9
Comestibles
 m - 2 slices of pizza


   Skills:
 - Level 10.1(15.1) Fighting
 - Level 10.7(15.7) Short Blades
 + Level 10.2(15.2) Dodging
 - Level 15.2(20.2) Stealth
 + Level 10.4 Spellcasting
 * Level 0.0 Conjurations
 - Level 19.4 Hexes
 - Level 9.3 Evocations


You had 21 spell levels left.
You knew the following spells:

 Your Spells              Type           Power        Failure   Level  Hunger
a - Corona                Hex            ######.      0%          1    None
b - Ensorcelled Hibernat  Hex/Ice        #####.       1%          2    None
c - Confuse               Hex            ######..     0%          3    None
d - Dazzling Spray        Conj/Hex       #####...     1%          3    None


Dungeon Overview and Level Annotations

Branches:
Dungeon (1/1)

Altars:
Cheibriados
Dithmenos
Elyvilon
Fedhas
Gozag
Kikubaaqudgha
Makhleb
Nemelex Xobeh
Okawaru
Qazlal
Sif Muna
Trog
Vehumet
Xom
Yredelemnul
Zin
The Shining One
Jiyva

Shops:
D :}(!*:*([}[*(!([*

Annotations:
D exclusion: 2 doors


Innate Abilities, Weirdness & Mutations

You are tiny and cannot use many weapons and most armour.
You have supernaturally acute eyesight.
You are a herbivore.
You cover ground extremely quickly.
You need consume almost no food.


Message History

You barely miss the golden dragon.
The golden dragon is lightly wounded.
The golden dragon barely misses you. The golden dragon claws you!
The golden dragon completely misses you.
You hit the golden dragon but do no damage.
You slash the golden dragon!
The golden dragon is lightly wounded.
You hit the golden dragon. You punch the golden dragon!
The golden dragon is moderately wounded.
The golden dragon breathes cold at you. The bolt of cold hits you!
* * * LOW HITPOINT WARNING * * *
You slash the golden dragon!
The golden dragon is moderately wounded.
You completely miss the golden dragon.
The golden dragon is moderately wounded.
You hit the golden dragon but do no damage.
The golden dragon is moderately wounded.
The golden dragon bites you!!
You die...

#################################
.(..#__#..'..)#§§#.D§§§...DD§'.§#
.#.)'..'..#...##@#§####.§§..##§§§
###(#__####)..'§D#.# ##§§§######
..#)####§§#####§§§.# ###+# (##
.##(#§§§§§#..##+#### #.##$$$#
'#.)'≈§≈§.'..# #§.###$#
..._#≈§§§.#§.# ##.#A#$#
_.#'##'#####'### ..###$#
#'#.#§[[)###.'.# #.##..$#
#.####'###.###.# #. +###


You could see a golden dragon.

Vanquished Creatures
  A hydra (D)
  2 centaur warriors (D)
  2 unseen horrors (D)
  A deep troll (D)
  A lindwurm (D)
  An oklob plant (D)
  A shining eye (D)
  2 kobold demonologists (D)
  4 demonic crawlers (D)
  Sonja (D)
  A slime creature (D)
  3 trapdoor spiders (D)
  13 hogs (D)
  A yak (D)
  An ogre (D)
  A yellow wasp (D)
  7 necrophages (D)
  Sigmund (D)
  8 jellies (D)
  Ijyb (D)
  3 giant eyeballs (D)
  A giant spore (D)
  5 ballistomycetes (D)
62 creatures vanquished.

Vanquished Creatures (others)
  A gargoyle (D)
  A trapdoor spider (D)
  A giant spore (D)
3 creatures vanquished.

Grand Total: 65 creatures vanquished

Notes
Turn   | Place    | Note
--------------------------------------------------------------
     0 | D        | Ololoev, the Spriggan Enchanter, began the quest for the Orb.
     0 | D        | Reached XP level 1. HP: 9/9 MP: 4/4
     1 | D        | Noticed Ijyb
    31 | D        | Killed Ijyb
    31 | D        | Reached skill level 5 in Stealth
    31 | D        | Reached skill level 5 in Hexes
    31 | D        | Reached XP level 2. HP: 5/13 MP: 4/8
    35 | D        | Learned a level 2 spell: Ensorcelled Hibernation
   217 | D        | Noticed an ogre
   240 | D        | Killed an ogre
   240 | D        | Reached skill level 10 in Hexes
   240 | D        | Reached XP level 3. HP: 7/16 MP: 1/11
   240 | D        | Reached XP level 4. HP: 9/21 MP: 1/14
   245 | D        | Learned a level 3 spell: Confuse
   249 | D        | Learned a level 3 spell: Dazzling Spray
   406 | D        | Noticed Sigmund
   427 | D        | Killed Sigmund
   427 | D        | Reached skill level 11 in Hexes
   427 | D        | Reached XP level 5. HP: 12/24 MP: 12/20
   434 | D        | Killed a gargoyle
   585 | D        | Found a deep blue altar of Sif Muna.
   586 | D        | Noticed a jelly
   587 | D        | Found a radiant altar of Vehumet.
   591 | D        | Killed a jelly
   602 | D        | Found Tyrou's Gadget Emporium.
   602 | D        | Found a white marble altar of Elyvilon.
   602 | D        | Found a stormy altar of Qazlal.
   602 | D        | Found a burning altar of Makhleb.
   602 | D        | Found a basalt altar of Yredelemnul.
   602 | D        | Found a glowing golden altar of the Shining One.
   602 | D        | Found a sparkling altar of Nemelex Xobeh.
   602 | D        | Found a shimmering altar of Xom.
   602 | D        | Found an opulent altar of Gozag.
   602 | D        | Found an ancient bone altar of Kikubaaqudgha.
   602 | D        | Found a glowing silver altar of Zin.
   602 | D        | Noticed a yak
   603 | D        | Found an iron altar of Okawaru.
   616 | D        | Killed a yak
   616 | D        | Reached skill level 12 in Hexes
   616 | D        | Reached XP level 6. HP: 16/28 MP: 15/25
   630 | D        | Found a bloodstained altar of Trog.
   633 | D        | Became a worshipper of Warmaster Okawaru
   711 | D        | Bought a wand of fireball (5) for 198 gold pieces
   723 | D        | Found a viscous altar of Jiyva.
   723 | D        | Found a blossoming altar of Fedhas.
   723 | D        | Noticed a slime creature
   724 | D        | Found a snail-covered altar of Cheibriados.
   724 | D        | Found a shadowy altar of Dithmenos.
   755 | D        | Killed a slime creature
   755 | D        | Reached skill level 5 in Short Blades
   755 | D        | Reached XP level 7. HP: 16/32 MP: 21/27
   927 | D        | Noticed a kobold demonologist
   928 | D        | Noticed a kobold demonologist
   930 | D        | Killed a kobold demonologist
   930 | D        | Acquired Okawaru's first power
   930 | D        | Reached skill level 10 in Stealth
   930 | D        | Reached skill level 13 in Hexes
   933 | D        | Killed a kobold demonologist
   933 | D        | Reached skill level 14 in Hexes
   933 | D        | Reached skill level 5 in Evocations
   933 | D        | Reached XP level 8. HP: 36/36 MP: 28/28
  1054 | D        | Noticed a centaur warrior
  1081 | D        | Noticed a centaur warrior
  1085 | D        | Killed a centaur warrior
  1085 | D        | Reached skill level 15 in Hexes
  1101 | D        | Killed a centaur warrior
  1101 | D        | Reached skill level 16 in Hexes
  1101 | D        | Reached XP level 9. HP: 29/39 MP: 25/29
  1142 | D        | Noticed a deep troll
  1429 | D        | Killed a deep troll
  1430 | D        | Noticed Sonja
  1441 | D        | Killed Sonja
  1471 | D        | Noticed a yellow wasp
  1501 | D        | Killed a yellow wasp
  1511 | D        | Noticed an oklob plant
  1513 | D        | Killed an oklob plant
  1513 | D        | Reached skill level 17 in Hexes
  1524 | D        | Found Loaroe's Armour Emporium.
  1544 | D        | Found Wahost's Book Boutique.
  1701 | D        | Noticed a shining eye
  1701 | D        | Noticed a shining eye
  1702 | D        | Noticed a shining eye
  1702 | D        | Noticed a shining eye
  1702 | D        | Noticed a shining eye
  1702 | D        | Noticed a shining eye
  1703 | D        | Noticed a shining eye
  1704 | D        | Killed a shining eye
  1704 | D        | Received a gift from Okawaru
  1704 | D        | Reached skill level 10 in Short Blades
  1773 | D        | Noticed a trapdoor spider
  1778 | D        | Noticed a trapdoor spider
  1779 | D        | Killed a trapdoor spider
  1779 | D        | Reached skill level 5 in Fighting
  1781 | D        | Noticed a trapdoor spider
  1789 | D        | Killed a trapdoor spider
  1792 | D        | Killed a trapdoor spider
  1792 | D        | Reached XP level 10. HP: 51/51 MP: 21/30
  1809 | D        | Noticed a trapdoor spider
  1815 | D        | Killed a trapdoor spider
  1815 | D        | Acquired Okawaru's second power
  2031 | D        | Noticed an unseen horror
  2035 | D        | Noticed an unseen horror
  2039 | D        | Killed an unseen horror
  2039 | D        | Reached skill level 15 in Stealth
  2045 | D        | Killed an unseen horror
  2045 | D        | Reached skill level 18 in Hexes
  2047 | D        | Noticed a jelly
  2047 | D        | Noticed a jelly
  2047 | D        | Noticed a jelly
  2047 | D        | Noticed a jelly
  2047 | D        | Noticed a jelly
  2047 | D        | Noticed a jelly
  2047 | D        | Noticed a necrophage
  2047 | D        | Noticed a necrophage
  2048 | D        | Noticed a jelly
  2049 | D        | Killed a jelly
  2050 | D        | Killed a jelly
  2051 | D        | Killed a jelly
  2068 | D        | Killed a jelly
  2156 | D        | Killed a jelly
  2157 | D        | Killed a jelly
  2157 | D        | Reached skill level 5 in Dodging
  2164 | D        | Killed a jelly
  2178 | D        | Noticed a necrophage
  2178 | D        | Noticed a necrophage
  2178 | D        | Noticed a necrophage
  2178 | D        | Noticed a necrophage
  2178 | D        | Noticed a necrophage
  2180 | D        | Killed a necrophage
  2254 | D        | Killed a necrophage
  2294 | D        | Killed a necrophage
  2295 | D        | Killed a necrophage
  2311 | D        | Killed a necrophage
  2313 | D        | Killed a necrophage
  2325 | D        | Killed a necrophage
  2342 | D        | Found Shyomyos' Distillery.
  2342 | D        | Found Qadosselu's Weapon Shop.
  2342 | D        | Found Khibruor's General Store.
  2344 | D        | Found Mnigey's Book Emporium.
  2344 | D        | Found Voahyvyon's General Store.
  2344 | D        | Found Zifubax's Antique Weapon Shoppe.
  2344 | D        | Found Tebran's Antique Armour Boutique.
  2344 | D        | Found Praez's Gadget Emporium.
  2344 | D        | Found Qoatadd's Armour Shop.
  2344 | D        | Found Uthriav's General Store.
  2344 | D        | Found Loagaecs' Antique Weapon Boutique.
  2347 | D        | Found Ghekhiops' Weapon Emporium.
  2347 | D        | Found Eceilomo's Distillery.
  2348 | D        | Found Duabb's General Store.
  2349 | D        | Bought a scroll of remove curse for 30 gold pieces
  2354 | D        | Bought a +1 cloak of poison resistance for 148 gold pieces
  2361 | D        | Bought a scroll of identify for 20 gold pieces
  2361 | D        | Bought a scroll of remove curse for 30 gold pieces
  2365 | D        | Bought a potion of invisibility for 71 gold pieces
  2365 | D        | Bought a potion of heal wounds for 39 gold pieces
  2365 | D        | Bought a potion of heal wounds for 39 gold pieces
  2367 | D        | Bought a potion of restore abilities for 36 gold pieces
  2367 | D        | Bought a potion of poison for 12 gold pieces
  2367 | D        | Bought a potion of agility for 30 gold pieces
  2367 | D        | Bought a potion of brilliance for 30 gold pieces
  2367 | D        | Bought a potion of resistance for 84 gold pieces
  2367 | D        | Bought a potion of cancellation for 66 gold pieces
  2367 | D        | Bought a potion of might for 30 gold pieces
  2378 | D        | Bought a potion of degeneration for 26 gold pieces
  2378 | D        | Bought a potion of confusion for 13 gold pieces
  2378 | D        | Bought a potion of heal wounds for 39 gold pieces
  2378 | D        | Bought a potion of lignification for 26 gold pieces
  2378 | D        | Bought a potion of heal wounds for 39 gold pieces
  2436 | D        | Noticed a demonic crawler
  2436 | D        | Noticed a demonic crawler
  2436 | D        | Noticed a demonic crawler
  2436 | D        | Noticed a demonic crawler
  2512 | D        | Killed a demonic crawler
  2521 | D        | Killed a demonic crawler
  2540 | D        | Killed a demonic crawler
  2540 | D        | Received a gift from Okawaru
  2543 | D        | Got an ancient scimitar {god gift}
  2558 | D        | Killed a demonic crawler
  2558 | D        | Reached skill level 19 in Hexes
  2705 | D        | Identified the +5 scimitar of Xiyrgh {flame, -Cast rF+ rC+} (Okawaru gifted it to you in the Dungeon)
  2735 | D        | Noticed a lindwurm
  2737 | D        | Killed a lindwurm
  2743 | D        | Noticed a hog
  2743 | D        | Noticed a hog
  2743 | D        | Noticed a hog
  2743 | D        | Noticed a hog
  2743 | D        | Noticed a hog
  2743 | D        | Noticed a hog
  2743 | D        | Noticed a hog
  2753 | D        | Killed a hog
  2756 | D        | Killed a hog
  2758 | D        | Killed a hog
  2758 | D        | Reached XP level 11. HP: 48/60 MP: 20/31
  2761 | D        | Killed a hog
  2768 | D        | Noticed a hog
  2768 | D        | Noticed a hog
  2836 | D        | Killed a hog
  2837 | D        | Noticed a hog
  2838 | D        | Noticed a hog
  2838 | D        | Killed a hog
  2839 | D        | Noticed a hog
  2839 | D        | Noticed a hog
  2845 | D        | Killed a hog
  2851 | D        | Killed a hog
  2860 | D        | Killed a hog
  2862 | D        | Killed a hog
  2864 | D        | Killed a hog
  2866 | D        | Killed a hog
  2866 | D        | Reached skill level 10 in Spellcasting
  2868 | D        | Killed a hog
  2908 | D        | Noticed a 12-headed hydra
  2910 | D        | Killed a 12-headed hydra
  2910 | D        | Reached skill level 10 in Fighting
  2910 | D        | Reached skill level 10 in Dodging
  2925 | D        | Noticed a daeva
  3050 | D        | Bought a book of Annihilations for 1104 gold pieces
  3054 | D        | Bought a +3 ring of evasion for 210 gold pieces
  3208 | D        | Noticed a shadow dragon
  3209 | D        | Noticed a golden dragon
  3484 | D        | HP: 1/94 [golden dragon/bolt of cold (46)]
  3487 | D        | Annihilated by a golden dragon

Action                   |  1- 3 |  4- 6 |  7- 9 | 10-12 || total
-------------------------+-------+-------+-------+-------++-------
Melee: Dagger            |    37 |    34 |    68 |   101 ||   240
 Cast: Corona            |     1 |       |       |       ||     1
       Ensorcelled Hiber |     4 |     4 |     9 |    18 ||    35
       Confuse           |       |     4 |     6 |    30 ||    40
Invok: Heroism           |       |       |       |     1 ||     1
Evoke: Wand              |       |       |     3 |       ||     3
  Use: Potion            |       |       |       |    11 ||    11
       Scroll            |       |       |       |     1 ||     1
 Stab: Sleeping          |     1 |     3 |    10 |    27 ||    41
       Confused          |       |     5 |     3 |    14 ||    22
  Eat: Pizza             |       |       |       |     1 ||     1
